[Event "Klatov Bazar Besiny Cup 2018"]
[Site "Klatovy"]
[Date "2018.07.03"]
[Round "4"]
[White "Hausner, Ivan"]
[Black "Krzyzanowski, Marcin"]
[Result "1/2-1/2"]
[ECO "B98"]
[WhiteElo "2321"]
[BlackElo "2473"]
[Annotator "ChessBase"]
[PlyCount "138"]
[EventDate "2018.07.01"]
[EventType "swiss"]
[EventCountry "CZE"]
[SourceTitle "playchess.com"]
[Source "ChessBase"]
[SourceQuality "1"]
[TimeControl "40/7200:0"]

1. e4 c5 2. Nf3 d6 3. d4 cxd4 4. Nxd4 Nf6 5. Nc3 a6 6. Bg5 e6 7. f4 h6 8. Bh4 Be7 9. Qf3 Qc7 10. O-O-O Nbd7 11. Bd3 g5 12. fxg5 Ne5 13. Qe2 Nfg4 14. Nf3 Nxf3 15. gxf3 hxg5 16. Bg3 Ne5 17. h4 gxh4 18. f4 Nxd3+ 19. Rxd3 Bd7 20. Bf2 Qa5 21. Rdh3 Bc6 22. Bxh4 Bxh4 23. Rxh4 Rxh4 24. Rxh4 O-O-O 25. Rh7 Be8 26. Qe3 Kb8 27. a3 Qc7 28. f5 Qa5 29. fxe6 fxe6 30. Kb1 Bc6 31. Qd4 Qg5 32. Qg7 Qxg7 33. Rxg7 Rh8 34. Kc1 Rh2 35. Rg6 Bd7 36. Rg7 Kc8 37. Kd1 Bc6 38. Rg3 Kd7 39. Rg7+ Kd8 40. Rf7 Ke8 41. Rg7 Rf2 42. Rh7 Rg2 43. Rc7 Kf8 44. Rh7 Rg7 45. Rxg7 Kxg7 46. e5 dxe5 47. Kd2 Kf6 48. Ke3 Ke7 49. Na2 Kd6 50. Nc1 Be8 51. Nb3 Bg6 52. c4 b5 53. Nd2 bxc4 54. Nxc4+ Kd5 55. Nb6+ Kc5 56. Nd7+ Kd6 57. Nb6 Be8 58. Nc4+ Kd5 59. Nd2 Bg6 60. Nf1 Bc2 61. Kd2 Bb1 62. Ke3 e4 63. Kd2 Bd3 64. Ne3+ Kd4 65. Ng4 a5 66. Ne3 Ke5 67. Nd1 Kf4 68. b4 axb4 69. axb4 Ke5 1/2-1/2

[Event "Klatov Bazar Besiny Cup 2018"]
[Site "Klatovy"]
[Date "2018.07.03"]
[Round "4"]
[White "Vyprachticky, David"]
[Black "Pulpan, Jakub"]
[Result "1-0"]
[ECO "D35"]
[WhiteElo "2301"]
[BlackElo "2386"]
[Annotator "NA"]
[PlyCount "37"]
[EventDate "2018.07.01"]
[EventType "swiss"]
[EventCountry "CZE"]
[SourceTitle "playchess.com"]
[Source "ChessBase"]
[SourceQuality "1"]
[TimeControl "40/7200:0"]

1. d4 Nf6 2. c4 e6 3. Nc3 d5 4. cxd5 Nxd5 5. e4 Nxc3 6. bxc3 c5 7. Nf3 cxd4 8. cxd4 Bb4+ 9. Bd2 Bxd2+ 10. Qxd2 O-O 11. Rc1 b6 12. Bd3 Bb7 13. Qe3 Nd7 14. e5 f6 15. exf6 Qxf6 16. Ng5 g6 17. Rc7 Nc5 18. Bb1 Rfc8 19. Rf7 1-0

[Event "Klatov Bazar Besiny Cup 2018"]
[Site "Klatovy"]
[Date "2018.07.03"]
[Round "4"]
[White "Jurek, Josef"]
[Black "Vevera, Radek"]
[Result "1-0"]
[ECO "A48"]
[WhiteElo "2277"]
[BlackElo "2064"]
[Annotator "NA"]
[PlyCount "51"]
[EventDate "2018.07.01"]
[EventType "swiss"]
[EventCountry "CZE"]
[SourceTitle "playchess.com"]
[Source "ChessBase"]
[SourceQuality "1"]
[TimeControl "40/7200:0"]

1. d4 Nf6 2. Nf3 g6 3. c4 Bg7 4. g3 O-O 5. Bg2 c5 6. Nc3 cxd4 7. Nxd4 Qc7 8. b3 d5 9. Ndb5 Qa5 10. Bd2 dxc4 11. bxc4 Nc6 12. Nd5 Qd8 13. O-O Bf5 14. Bc3 Rc8 15. Rc1 Qd7 16. Qb3 Nxd5 17. cxd5 Ne5 18. f4 Rc5 19. Nxa7 Ra8 20. fxe5 Rxa7 21. e6 Qc7 22. exf7+ Kf8 23. Bxg7+ Kxg7 24. Qe3 Rxc1 25. Rxc1 Qb8 26. g4 1-0

[Event "Klatov Bazar Besiny Cup 2018"]
[Site "Klatovy"]
[Date "2018.07.03"]
[Round "4"]
[White "Formanek, Martin"]
[Black "Kaderabek, Jiri"]
[Result "1/2-1/2"]
[ECO "A05"]
[WhiteElo "2267"]
[BlackElo "2125"]
[Annotator "NA"]
[PlyCount "39"]
[EventDate "2018.07.01"]
[EventType "swiss"]
[EventCountry "CZE"]
[SourceTitle "playchess.com"]
[Source "ChessBase"]
[SourceQuality "1"]
[TimeControl "40/7200:0"]

1. Nf3 Nf6 2. g3 d5 3. Bg2 c6 4. O-O Bf5 5. c4 Nbd7 6. d3 dxc4 7. dxc4 e5 8. Nc3 Be7 9. b3 h6 10. h3 Bh7 11. Be3 O-O 12. Qc1 Qc7 13. Qb2 Rfe8 14. b4 Ne4 15. Nd2 Nxd2 16. Bxd2 Nb6 17. c5 Nc4 18. Qc1 Nxd2 19. Qxd2 a5 20. a3 1/2-1/2

[Event "Klatov Bazar Besiny Cup 2018"]
[Site "Klatovy"]
[Date "2018.07.03"]
[Round "4"]
[White "Kopta, Pavel"]
[Black "Simek, Petr"]
[Result "1/2-1/2"]
[ECO "D43"]
[WhiteElo "2210"]
[BlackElo "2354"]
[Annotator "NA"]
[PlyCount "24"]
[EventDate "2018.07.01"]
[EventType "swiss"]
[EventCountry "CZE"]
[SourceTitle "playchess.com"]
[Source "ChessBase"]
[SourceQuality "1"]
[TimeControl "40/7200:0"]

1. d4 d5 2. c4 c6 3. Nf3 Nf6 4. Nc3 e6 5. cxd5 exd5 6. Bg5 Nbd7 7. e3 h6 8. Bh4 g5 9. Bg3 Nh5 10. Bd3 Nxg3 11. hxg3 Bg7 12. Qc2 Nb6 1/2-1/2

[Event "Klatov Bazar Besiny Cup 2018"]
[Site "Klatovy"]
[Date "2018.07.03"]
[Round "4"]
[White "Tscharotschkin, Michael"]
[Black "Parizek, Vojtech"]
[Result "0-1"]
[ECO "B22"]
[WhiteElo "2124"]
[BlackElo "2242"]
[Annotator "NA"]
[PlyCount "44"]
[EventDate "2018.07.01"]
[EventType "swiss"]
[EventCountry "CZE"]
[SourceTitle "playchess.com"]
[Source "ChessBase"]
[SourceQuality "1"]
[TimeControl "40/7200:0"]

1. e4 c5 2. c3 d5 3. exd5 Qxd5 4. d4 Nc6 5. Nf3 Bf5 6. Na3 cxd4 7. Nb5 O-O-O 8. cxd4 e5 9. Nc3 Qa5 10. Bb5 exd4 11. O-O dxc3 12. Qe2 Nf6 13. Be3 a6 14. Bc4 b5 15. Rfc1 bxc4 16. Qxc4 Be4 17. Rxc3 Qb5 18. Qxf7 Qd5 19. Qa7 Qd1+ 20. Ne1 Qxa1 21. Qxa6+ Kd7 22. Bc1 Bb4 0-1

[Event "Klatov Bazar Besiny Cup 2018"]
[Site "Klatovy"]
[Date "2018.07.04"]
[Round "5"]
[White "Krzyzanowski, Marcin"]
[Black "Kopta, Pavel"]
[Result "1-0"]
[ECO "B76"]
[WhiteElo "2473"]
[BlackElo "2210"]
[Annotator "ChessBase"]
[PlyCount "81"]
[EventDate "2018.07.01"]
[EventType "swiss"]
[EventCountry "CZE"]
[SourceTitle "playchess.com"]
[Source "ChessBase"]
[SourceQuality "1"]
[TimeControl "40/7200:0"]

1. e4 c5 2. Nf3 d6 3. d4 cxd4 4. Nxd4 Nf6 5. Nc3 g6 6. Be3 Bg7 7. f3 O-O 8. Qd2 Nc6 9. O-O-O d5 10. Qe1 e5 11. Nxc6 bxc6 12. exd5 cxd5 13. Bg5 Bb7 14. Bc4 Qb6 15. Bxf6 Bxf6 16. Nxd5 Bxd5 17. Rxd5 e4 18. Rb5 Qc7 19. Qxe4 Rad8 20. Rb7 Qa5 21. c3 Rc8 22. Kb1 Qc5 23. Bb3 Rcd8 24. Qc4 Qf5+ 25. Ka1 Bg7 26. Qe4 Qc5 27. Re1 Kh8 28. Rxf7 Rxf7 29. Bxf7 Qc7 30. Bb3 Qxh2 31. g4 Rf8 32. a4 Qf2 33. Re3 a5 34. Ka2 Qg1 35. Qe7 Qf1 36. Qb7 Bf6 37. Qd7 Qa6 38. Re8 Rxe8 39. Qxe8+ Kg7 40. Qf7+ Kh6 41. f4 1-0

[Event "Klatov Bazar Besiny Cup 2018"]
[Site "Klatovy"]
[Date "2018.07.04"]
[Round "5"]
[White "Xu, XianLiang"]
[Black "Vyprachticky, David"]
[Result "1/2-1/2"]
[ECO "A13"]
[WhiteElo "2430"]
[BlackElo "2301"]
[Annotator "NA"]
[PlyCount "62"]
[EventDate "2018.07.01"]
[EventType "swiss"]
[EventCountry "CZE"]
[SourceTitle "playchess.com"]
[Source "ChessBase"]
[SourceQuality "1"]
[TimeControl "40/7200:0"]

1. c4 e6 2. g3 d5 3. Nf3 Nf6 4. Bg2 Be7 5. b3 c5 6. Bb2 O-O 7. O-O Nc6 8. cxd5 Nxd5 9. Nc3 Nxc3 10. Bxc3 Qc7 11. Rc1 Rd8 12. Qc2 Bd7 13. Qb2 Bf8 14. d4 cxd4 15. Nxd4 Qb6 16. Nxc6 Bxc6 17. Bxc6 bxc6 18. Rfd1 Rxd1+ 19. Rxd1 Rd8 20. Rxd8 Qxd8 21. Qc2 Qd5 22. e4 Qc5 23. Qd3 Qa3 24. Qd2 Qe7 25. Kg2 c5 26. Qd3 Qb7 27. Kg1 Be7 28. Bb2 h6 29. h4 Qc6 30. Bc3 Qb7 31. Bb2 Qc6 1/2-1/2

[Event "Klatov Bazar Besiny Cup 2018"]
[Site "Klatovy"]
[Date "2018.07.04"]
[Round "5"]
[White "Pulpan, Jakub"]
[Black "Toman, Ondrej"]
[Result "1-0"]
[ECO "C10"]
[WhiteElo "2386"]
[BlackElo "2197"]
[Annotator "NA"]
[PlyCount "53"]
[EventDate "2018.07.01"]
[EventType "swiss"]
[EventCountry "CZE"]
[SourceTitle "playchess.com"]
[Source "ChessBase"]
[SourceQuality "1"]
[TimeControl "40/7200:0"]

1. e4 e6 2. d4 d5 3. Nc3 h6 4. Bd3 Bb4 5. Nge2 c5 6. exd5 exd5 7. dxc5 Nf6 8. Be3 Nc6 9. Qd2 O-O 10. a3 Qa5 11. O-O Bxc3 12. bxc3 Ng4 13. Nf4 Be6 14. Rfe1 Rac8 15. h3 Nge5 16. Nh5 Qd8 17. Bxh6 Qh4 18. Nxg7 Bxh3 19. Nf5 Qg4 20. Ng3 Bxg2 21. Kxg2 Nf3 22. Qf4 Nxe1+ 23. Rxe1 Qxf4 24. Bxf4 Rfe8 25. Rh1 Ne5 26. Bh7+ Kg7 27. Nf5+ 1-0

[Event "Klatov Bazar Besiny Cup 2018"]
[Site "Klatovy"]
[Date "2018.07.04"]
[Round "5"]
[White "Hollan, Martin"]
[Black "Straka, Vojtech"]
[Result "1/2-1/2"]
[ECO "B11"]
[WhiteElo "2341"]
[BlackElo "2379"]
[Annotator "NA"]
[PlyCount "32"]
[EventDate "2018.07.01"]
[EventType "swiss"]
[EventCountry "CZE"]
[SourceTitle "playchess.com"]
[Source "ChessBase"]
[SourceQuality "1"]
[TimeControl "40/7200:0"]

1. e4 c6 2. Nf3 d5 3. Nc3 Bg4 4. h3 Bxf3 5. Qxf3 e6 6. d4 dxe4 7. Nxe4 Qxd4 8. c3 Qb6 9. Be3 Qxb2 10. Rd1 Nd7 11. Rxd7 Kxd7 12. Qxf7+ Ne7 13. Nc5+ Kd8 14. Qxe6 Qb1+ 15. Kd2 Qb2+ 16. Kd3 Qb1+ {[%emt 0:00:00] Ke4} 1/2-1/2

[Event "Klatov Bazar Besiny Cup 2018"]
[Site "Klatovy"]
[Date "2018.07.04"]
[Round "5"]
[White "Mejzlik, Ondrej"]
[Black "Molkanov, Oleg"]
[Result "1-0"]
[ECO "A89"]
[WhiteElo "2287"]
[BlackElo "2051"]
[Annotator "ChessBase"]
[PlyCount "75"]
[EventDate "2018.07.01"]
[EventType "swiss"]
[EventCountry "CZE"]
[SourceTitle "playchess.com"]
[Source "ChessBase"]
[SourceQuality "1"]
[TimeControl "40/7200:0"]

1. c4 f5 2. Nc3 Nf6 3. g3 g6 4. Bg2 Bg7 5. Nf3 O-O 6. O-O d6 7. d4 Nc6 8. b3 e5 9. dxe5 dxe5 10. Ba3 Re8 11. Nb5 Bd7 12. Ng5 e4 13. Bb2 Ne5 14. Nc3 h6 15. Nh3 c6 16. Qc2 Qe7 17. Rad1 Rad8 18. f3 g5 19. Nf2 e3 20. Nd3 Nxd3 21. Qxd3 Qf7 22. Bh3 f4 23. Bxd7 Rxd7 24. Qf5 fxg3 25. hxg3 Rd2 26. Bc1 Rxd1 27. Nxd1 Qc7 28. Kg2 Nh5 29. Qh3 Nf4+ 30. gxf4 gxf4 31. Bb2 Bxb2 32. Nxb2 Qg7+ 33. Qg4 Re5 34. Qxg7+ Kxg7 35. Nd3 Rg5+ 36. Kh3 Kf6 37. Nxf4 Kf5 38. Ng2 1-0

[Event "Klatov Bazar Besiny Cup 2018"]
[Site "Klatovy"]
[Date "2018.07.04"]
[Round "5"]
[White "Soural, Jan"]
[Black "Hausner, Ivan"]
[Result "1/2-1/2"]
[ECO "A40"]
[WhiteElo "2192"]
[BlackElo "2321"]
[Annotator "NA"]
[PlyCount "52"]
[EventDate "2018.07.01"]
[EventType "swiss"]
[EventCountry "CZE"]
[SourceTitle "playchess.com"]
[Source "ChessBase"]
[SourceQuality "1"]
[TimeControl "40/7200:0"]

1. d4 e6 2. c4 b6 3. e4 Bb7 4. Bd3 f5 5. exf5 Bb4+ 6. Kf1 Nf6 7. c5 bxc5 8. a3 c4 9. Bxc4 Be7 10. Qb3 Bd5 11. fxe6 dxe6 12. Nc3 O-O 13. Bxd5 exd5 14. Nf3 Nc6 15. Bg5 Rb8 16. Qa4 Qd6 17. b4 Ne4 18. Bxe7 Nxe7 19. Qc2 Qc6 20. Rc1 a5 21. Nxe4 Qxc2 22. Nf6+ Rxf6 23. Rxc2 axb4 24. axb4 Rxb4 25. Ke2 Nf5 26. Rhc1 Nxd4+ 1/2-1/2

[Event "Klatov Bazar Besiny Cup 2018"]
[Site "Klatovy"]
[Date "2018.07.04"]
[Round "5"]
[White "Hurdzan, Tomas"]
[Black "Bures, Jaroslav"]
[Result "0-1"]
[ECO "B46"]
[WhiteElo "2164"]
[BlackElo "2406"]
[Annotator "ChessBase"]
[PlyCount "64"]
[EventDate "2018.07.01"]
[EventType "swiss"]
[EventCountry "CZE"]
[SourceTitle "playchess.com"]
[Source "ChessBase"]
[SourceQuality "1"]
[TimeControl "40/7200:0"]

1. e4 c5 2. Nc3 e6 3. Nf3 Nc6 4. d4 cxd4 5. Nxd4 a6 6. Be3 Qc7 7. Qf3 Nf6 8. O-O-O h5 9. h3 Ne5 10. Qe2 Ng6 11. g3 Bb4 12. Bd2 h4 13. Qe1 hxg3 14. fxg3 b5 15. Bd3 Bb7 16. g4 Bxc3 17. Bxc3 Nxe4 18. Ba5 Qe5 19. Ne2 Rc8 20. Kb1 Nf6 21. Rf1 Rxh3 22. Bxg6 fxg6 23. Bc3 Qg5 24. Nf4 Rhxc3 25. Nxe6 Qe3 26. Nxg7+ Kf7 27. Qh4 Bf3 28. bxc3 Qxc3 29. g5 Qxc2+ 30. Ka1 Qc3+ 31. Kb1 Bxd1 32. Rxf6+ Kg8 0-1

[Event "Klatov Bazar Besiny Cup 2018"]
[Site "Klatovy"]
[Date "2018.07.04"]
[Round "5"]
[White "Kotal, Vaclav"]
[Black "Jurek, Josef"]
[Result "1-0"]
[ECO "E20"]
[WhiteElo "2101"]
[BlackElo "2277"]
[Annotator "NA"]
[PlyCount "49"]
[EventDate "2018.07.01"]
[EventType "swiss"]
[EventCountry "CZE"]
[SourceTitle "playchess.com"]
[Source "ChessBase"]
[SourceQuality "1"]
[TimeControl "40/7200:0"]

1. d4 Nf6 2. c4 e6 3. Nc3 Bb4 4. g3 c5 5. Nf3 O-O 6. Bg2 d5 7. dxc5 dxc4 8. O-O Nc6 9. Qa4 Qa5 10. Qxa5 Nxa5 11. Be3 Ng4 12. Bd4 Nc6 13. a3 Ba5 14. Ne4 Nxd4 15. Nxd4 Ne5 16. Nd6 Rb8 17. f4 Bd2 18. Nc2 c3 19. fxe5 cxb2 20. Rab1 Bc3 21. Nc4 f6 22. Rf3 Bxe5 23. Nxe5 fxe5 24. Rxf8+ Kxf8 25. Rxb2 1-0

[Event "Klatov Bazar Besiny Cup 2018"]
[Site "Klatovy"]
[Date "2018.07.05"]
[Round "6"]
[White "Neuman, Petr"]
[Black "Simek, Petr"]
[Result "1-0"]
[ECO "A10"]
[WhiteElo "2432"]
[BlackElo "2354"]
[Annotator "ChessBase"]
[PlyCount "105"]
[EventDate "2018.07.01"]
[EventType "swiss"]
[EventCountry "CZE"]
[SourceTitle "playchess.com"]
[Source "ChessBase"]
[SourceQuality "1"]
[TimeControl "40/7200:0"]

1. c4 f5 2. g3 Nf6 3. Bg2 d6 4. Nc3 e5 5. d3 Be7 6. e3 O-O 7. Nge2 Nbd7 8. O-O Qe8 9. f4 Qh5 10. b3 Re8 11. h3 Bd8 12. Ba3 Qg6 13. Kh1 Kh8 14. e4 exf4 15. exf5 Qxf5 16. Nxf4 Ne5 17. Nce2 Ng6 18. Qd2 Nxf4 19. Nxf4 Qg5 20. Rae1 Bd7 21. Rxe8+ Bxe8 22. Qf2 Bc6 23. Bxc6 bxc6 24. Bb2 Qf5 25. g4 Qd7 26. Nh5 Qe6 27. Nxf6 Bxf6 28. Bxf6 Qxf6 29. Qxf6 gxf6 30. Rxf6 Kg7 31. Rf5 c5 32. Kg2 a5 33. Rf2 a4 34. bxa4 Rxa4 35. Kf3 c6 36. Ke3 d5 37. Rc2 Ra5 38. Kf4 Ra3 39. Ke3 Ra5 40. h4 Kg6 41. Kf4 Ra3 42. h5+ Kf7 43. cxd5 cxd5 44. Rxc5 Rxd3 45. Kg5 d4 46. Kh6 Rg3 47. g5 Rh3 48. Rd5 d3 49. a4 Ke6 50. Rd8 Rh4 51. Rxd3 Rxa4 52. Kxh7 Kf5 53. g6 1-0

[Event "Klatov Bazar Besiny Cup 2018"]
[Site "Klatovy"]
[Date "2018.07.05"]
[Round "6"]
[White "Xu, XianLiang"]
[Black "Hollan, Martin"]
[Result "1/2-1/2"]
[ECO "C34"]
[WhiteElo "2430"]
[BlackElo "2341"]
[Annotator "NA"]
[PlyCount "32"]
[EventDate "2018.07.01"]
[EventType "swiss"]
[EventCountry "CZE"]
[SourceTitle "playchess.com"]
[Source "ChessBase"]
[SourceQuality "1"]
[TimeControl "40/7200:0"]

1. e4 e5 2. f4 exf4 3. Nf3 d6 4. Bc4 h6 5. d4 g5 6. c3 Bg7 7. Qb3 Qe7 8. O-O Nc6 9. h4 g4 10. Nh2 f3 11. Nxg4 Nxd4 12. cxd4 Bxg4 13. Be3 fxg2 14. Bxf7+ Kd8 15. Rf2 Qxh4 16. Rxg2 Qe1+ 1/2-1/2

[Event "Klatov Bazar Besiny Cup 2018"]
[Site "Klatovy"]
[Date "2018.07.05"]
[Round "6"]
[White "Bures, Jaroslav"]
[Black "Kotal, Vaclav"]
[Result "1-0"]
[ECO "B10"]
[WhiteElo "2406"]
[BlackElo "2101"]
[Annotator "ChessBase"]
[PlyCount "119"]
[EventDate "2018.07.01"]
[EventType "swiss"]
[EventCountry "CZE"]
[SourceTitle "playchess.com"]
[Source "ChessBase"]
[SourceQuality "1"]
[TimeControl "40/7200:0"]

1. c4 c6 2. e4 d5 3. exd5 cxd5 4. cxd5 Nf6 5. Nc3 Nxd5 6. Nf3 Nc6 7. Bb5 e6 8. O-O Be7 9. d4 O-O 10. Re1 Ncb4 11. Ne5 Qc7 12. Qb3 Rd8 13. Bc4 Nxc3 14. bxc3 b5 15. Bxb5 Rb8 16. Qc4 Qb6 17. Ba4 Ba6 18. Qb3 Nd3 19. Qxb6 Rxb6 20. Nxd3 Bxd3 21. Bb3 Kf8 22. Re3 Bg6 23. Re5 Rc8 24. Ra5 Rxc3 25. Rxa7 Rc8 26. Be3 Rbc6 27. d5 exd5 28. Bxd5 Rc2 29. a4 Bf6 30. Rd1 Bd4 31. Ra8 Rxa8 32. Bxa8 Bxe3 33. fxe3 Ra2 34. Rd4 Bc2 35. Bc6 Bb3 36. h4 Ke7 37. Kh2 Ke6 38. Kg3 Ke5 39. Rb4 Kd6 40. Rxb3 Kxc6 41. Rb4 Kd5 42. Rb7 Ke6 43. Ra7 h6 44. Kf3 g5 45. Ra6+ Kf5 46. g4+ Ke5 47. h5 f6 48. Ra5+ Ke6 49. Ke4 Rg2 50. Ra6+ Kf7 51. Kf3 Ra2 52. a5 Ra4 53. Ra8 Kg7 54. a6 Kh7 55. e4 Ra3+ 56. Ke2 Kg7 57. Ra7+ Kg8 58. Kd2 Kh8 59. Kc2 Kg8 60. Kb2 1-0

[Event "Klatov Bazar Besiny Cup 2018"]
[Site "Klatovy"]
[Date "2018.07.05"]
[Round "6"]
[White "Straka, Vojtech"]
[Black "Pulpan, Jakub"]
[Result "1/2-1/2"]
[ECO "E32"]
[WhiteElo "2379"]
[BlackElo "2386"]
[Annotator "NA"]
[PlyCount "53"]
[EventDate "2018.07.01"]
[EventType "swiss"]
[EventCountry "CZE"]
[SourceTitle "playchess.com"]
[Source "ChessBase"]
[SourceQuality "1"]
[TimeControl "40/7200:0"]

1. d4 Nf6 2. c4 e6 3. Nc3 Bb4 4. Qc2 O-O 5. a3 Bxc3+ 6. Qxc3 d5 7. Bg5 dxc4 8. Qxc4 b6 9. Rd1 Ba6 10. Qa4 h6 11. Bh4 Qe7 12. Nf3 Rd8 13. Bxf6 Qxf6 14. g3 Bb7 15. Bg2 Nd7 16. O-O c5 17. Ne5 Bxg2 18. Nxd7 Qe7 19. Kxg2 Rxd7 20. dxc5 Rxd1 21. Rxd1 Qxc5 22. Qe4 Rc8 23. Rd7 a5 24. Qf3 Rf8 25. a4 b5 26. axb5 Qxb5 27. Rb7 1/2-1/2

[Event "Klatov Bazar Besiny Cup 2018"]
[Site "Klatovy"]
[Date "2018.07.05"]
[Round "6"]
[White "Hausner, Ivan"]
[Black "Mejzlik, Ondrej"]
[Result "1/2-1/2"]
[ECO "A27"]
[WhiteElo "2321"]
[BlackElo "2287"]
[Annotator "NA"]
[PlyCount "68"]
[EventDate "2018.07.01"]
[EventType "swiss"]
[EventCountry "CZE"]
[SourceTitle "playchess.com"]
[Source "ChessBase"]
[SourceQuality "1"]
[TimeControl "40/7200:0"]

1. c4 e5 2. Nc3 Nc6 3. Nf3 g6 4. g3 Bg7 5. Bg2 d6 6. Rb1 f5 7. d3 Nf6 8. Bg5 h6 9. Bxf6 Bxf6 10. Nd2 O-O 11. Nd5 Bg7 12. b4 Nd4 13. e3 Ne6 14. b5 f4 15. Ne4 fxe3 16. fxe3 a6 17. b6 c6 18. Ndc3 Kh8 19. Nf2 Nc5 20. O-O Bf5 21. Nfe4 Nxe4 22. Bxe4 Qg5 23. Qd2 Bd7 24. Bg2 Qe7 25. a4 Rxf1+ 26. Rxf1 a5 27. Be4 Be8 28. Qe2 Qe6 29. Bg2 Ra6 30. Rb1 Bf6 31. Ne4 Be7 32. Qc2 Ra8 33. Nf2 Bg5 34. Bh3 Qe7 1/2-1/2

[Event "Klatov Bazar Besiny Cup 2018"]
[Site "Klatovy"]
[Date "2018.07.05"]
[Round "6"]
[White "Vyprachticky, David"]
[Black "Krzyzanowski, Marcin"]
[Result "0-1"]
[ECO "A53"]
[WhiteElo "2301"]
[BlackElo "2473"]
[Annotator "ChessBase"]
[PlyCount "108"]
[EventDate "2018.07.01"]
[EventType "swiss"]
[EventCountry "CZE"]
[SourceTitle "playchess.com"]
[Source "ChessBase"]
[SourceQuality "1"]
[TimeControl "40/7200:0"]

1. d4 Nf6 2. c4 d6 3. Nf3 g6 4. Nc3 Bf5 5. h3 h5 6. Bf4 Bg7 7. e3 Ne4 8. Nxe4 Bxe4 9. Bd3 Bxd3 10. Qxd3 Nd7 11. O-O O-O 12. Rac1 e5 13. dxe5 dxe5 14. Bg5 Qe8 15. Rfd1 Nc5 16. Qd5 Ne6 17. Bh4 c6 18. Qd7 e4 19. Ng5 Qxd7 20. Rxd7 Nc5 21. Rd6 Be5 22. Bg3 Bxd6 23. Bxd6 Nd3 24. Rc3 Rfe8 25. Nxe4 Rxe4 26. Rxd3 Rxc4 27. Be5 Rc5 28. Bc3 Rd5 29. Rxd5 cxd5 30. Kf1 Kf8 31. Ke2 Ke7 32. Kd3 Ke6 33. Bd4 Rc8 34. Bc3 b6 35. Bd2 g5 36. Bc3 Rc4 37. Bd2 f6 38. Bc3 b5 39. a3 a6 40. Bd2 f5 41. b3 Rc8 42. Bc3 Rg8 43. Be1 f4 44. Bd2 Kf5 45. Kd4 Rc8 46. Kd3 Rc6 47. exf4 gxf4 48. g3 fxg3 49. fxg3 Rg6 50. Be1 Ke6 51. Bf2 Rf6 52. Ke2 Ke5 53. Be3 Ke4 54. g4 Rf3 0-1

[Event "Klatov Bazar Besiny Cup 2018"]
[Site "Klatovy"]
[Date "2018.07.05"]
[Round "6"]
[White "Slovak, Kilian"]
[Black "Furman, Boris"]
[Result "1-0"]
[ECO "B69"]
[WhiteElo "2285"]
[BlackElo "2203"]
[Annotator "NA"]
[PlyCount "39"]
[EventDate "2018.07.01"]
[EventType "swiss"]
[EventCountry "CZE"]
[SourceTitle "playchess.com"]
[Source "ChessBase"]
[SourceQuality "1"]
[TimeControl "40/7200:0"]

1. e4 c5 2. Nf3 Nc6 3. d4 cxd4 4. Nxd4 Nf6 5. Nc3 d6 6. Bg5 e6 7. Qd2 a6 8. O-O-O Bd7 9. f4 Be7 10. Nf3 b5 11. Bxf6 gxf6 12. Kb1 h5 13. f5 b4 14. fxe6 fxe6 15. Ne2 Qb6 16. Nf4 Kf7 17. g3 Qc5 18. Bh3 a5 19. Rhf1 Ne5 20. Ng5+ 1-0

[Event "Klatov Bazar Besiny Cup 2018"]
[Site "Klatovy"]
[Date "2018.07.05"]
[Round "6"]
[White "Formanek, Martin"]
[Black "Soural, Jan"]
[Result "1/2-1/2"]
[ECO "C10"]
[WhiteElo "2267"]
[BlackElo "2192"]
[Annotator "NA"]
[PlyCount "27"]
[EventDate "2018.07.01"]
[EventType "swiss"]
[EventCountry "CZE"]
[SourceTitle "playchess.com"]
[Source "ChessBase"]
[SourceQuality "1"]
[TimeControl "40/7200:0"]

1. e4 e6 2. d4 d5 3. Nc3 dxe4 4. Nxe4 Nd7 5. Nf3 Ngf6 6. Nxf6+ Nxf6 7. Be2 c5 8. O-O cxd4 9. Nxd4 Bc5 10. Nb3 Bd6 11. Bf3 Qc7 12. g3 O-O 13. c4 Bd7 14. c5 1/2-1/2

[Event "Klatov Bazar Besiny Cup 2018"]
[Site "Klatovy"]
[Date "2018.07.05"]
[Round "6"]
[White "Simet, Martin"]
[Black "Jelinek, Michal"]
[Result "1-0"]
[ECO "C84"]
[WhiteElo "2182"]
[BlackElo "2204"]
[Annotator "ChessBase"]
[PlyCount "127"]
[EventDate "2018.07.01"]
[EventType "swiss"]
[EventCountry "CZE"]
[SourceTitle "playchess.com"]
[Source "ChessBase"]
[SourceQuality "1"]
[TimeControl "40/7200:0"]

1. e4 e5 2. Nf3 Nc6 3. Bb5 a6 4. Ba4 Nf6 5. O-O Be7 6. d3 b5 7. Bb3 d6 8. a3 Na5 9. Ba2 c5 10. Nc3 Be6 11. Bg5 O-O 12. Qd2 Nc6 13. Bxf6 Bxf6 14. Nd5 a5 15. c3 b4 16. Bc4 Rb8 17. axb4 axb4 18. Ra6 Bxd5 19. Bxd5 Ne7 20. c4 g6 21. Qc2 Bg7 22. Qa4 Bh6 23. Ra1 Nc8 24. Qc6 b3 25. h4 Qe7 26. R1a5 Bc1 27. Qa4 Bxb2 28. Rb5 Rxb5 29. cxb5 Bd4 30. Qxb3 c4 31. Bxc4 Bb6 32. Qa2 Kg7 33. Ra8 h6 34. Bd5 g5 35. g3 g4 36. Nh2 h5 37. Nf1 Qf6 38. Qe2 Ne7 39. Rxf8 Kxf8 40. Bc4 Ng6 41. Ne3 Ne7 42. Kg2 Qh6 43. Nf1 Kg7 44. Nd2 Ba5 45. Nf1 Bb6 46. Ne3 Kf8 47. Bb3 Bc5 48. Nc4 Nc8 49. Qd2 Qf6 50. Bd1 Kg7 51. f3 Qg6 52. fxg4 hxg4 53. Ne3 Nb6 54. Nxg4 f5 55. exf5 Qxf5 56. Bf3 d5 57. Qh6+ Kf7 58. Qh8 Ke6 59. Qh6+ Kf7 60. Qh8 Ke6 61. Qe8+ Be7 62. Qc6+ Bd6 63. Bxd5+ Ke7 64. Ne3 1-0

[Event "Klatov Bazar Besiny Cup 2018"]
[Site "Klatovy"]
[Date "2018.07.05"]
[Round "6"]
[White "Kozak, Milos"]
[Black "Jurek, Josef"]
[Result "1/2-1/2"]
[ECO "A16"]
[WhiteElo "2156"]
[BlackElo "2277"]
[Annotator "NA"]
[PlyCount "45"]
[EventDate "2018.07.01"]
[EventType "swiss"]
[EventCountry "CZE"]
[SourceTitle "playchess.com"]
[Source "ChessBase"]
[SourceQuality "1"]
[TimeControl "40/7200:0"]

1. c4 Nf6 2. Nc3 c5 3. Nf3 b6 4. g3 Bb7 5. Bg2 g6 6. O-O Bg7 7. d4 cxd4 8. Qxd4 d6 9. Rd1 Nbd7 10. b3 Rc8 11. Bb2 O-O 12. Qd2 a6 13. Nd4 Bxg2 14. Kxg2 Qc7 15. e4 Qb7 16. f3 Rfd8 17. Nd5 Kf8 18. Ne2 e6 19. Nxf6 Nxf6 20. Qf4 Qe7 21. Rd2 Ne8 22. Bxg7+ Kxg7 23. Rad1 1/2-1/2